 Dungeon Crawl Stone Soup version 0.27-a0-1105-g946c659c87 (webtiles) character file.

Game seed: 9610452958800804165

686 rjrrt the Chopper (level 7, -2/52 HPs)
             Began as a Demonspawn Berserker on Apr 30, 2021.
             Was a Priest of Trog.
             Slain by a lemure (7 damage)
             ... led by Pikel
             ... on level 4 of the Dungeon.
             The game lasted 00:07:16 (3436 turns).

rjrrt the Chopper (Demonspawn Berserker)            Turns: 3436, Time: 00:07:16

Health: -2/52      AC:  9    Str: 19    XL:     7   Next: 35%
Magic:  7/7        EV:  7    Int:  8    God:    Trog [***...]
Gold:   152        SH:  5    Dex: 13    Spells: 6/6 levels left

rFire    . . .     SeeInvis .   a - +5 hand axe
rCold    . . .     Faith    .   (no shield)
rNeg     . . .     Spirit   .   i - +0 chain mail
rPois    .         Reflect  +   (no helmet)
rElec    .         Harm     .   p - +0 cloak
rCorr    .         Rampage  .   (no gloves)
Will     .....                  (no boots)
Stlth    ..........             q - amulet of reflection
HPRegen  0.17/turn              (no ring)
MPRegen  0.10/turn              (no ring)

@: on berserk cooldown, slowed, very slow
A: ignite blood 1, demonic magic 1
a: Renounce Religion, Berserk, Trog's Hand


You were on level 4 of the Dungeon.
You worshipped Trog.
Trog was most pleased with you.
You visited 1 branch of the dungeon, and saw 5 of its levels.

You collected 206 gold pieces.
You spent 54 gold pieces at shops.

Inventory:

Hand Weapons
 a - a +5 hand axe (weapon)
 b - the +8 fustibalus "Osmaor" {vorpal, rElec Str+3}
   (You acquired it on level 2 of the Dungeon)

   Any stone fired from it inflicts extra damage.
   It affects your strength (+3).
   It insulates you from electricity.
 k - a +0 battleaxe
Missiles
 d - 67 stones (quivered)
 o - 29 sling bullets
Armour
 i - a +0 chain mail (worn)
 p - a +0 cloak (worn)
Jewellery
 q - an amulet of reflection (around neck)
Wands
 g - a wand of iceblast (10)
Scrolls
 h - a scroll of teleportation
Potions
 c - 4 potions of heal wounds
 e - 3 potions of curing
 m - 2 potions of flight {unknown}
 n - 3 potions of berserk rage


   Skills:
 - Level 3.0 Fighting
 + Level 7.9 Axes
 - Level 1.7 Armour
 - Level 1.7 Dodging


You had 6 spell levels left.
You didn't know any spells.
Your spell library was empty.

Dungeon Overview and Level Annotations

Branches:
Dungeon (5/15)             Temple (0/1) D:4

Altars:

Shops:
D:4 [


Innate Abilities, Weirdness & Mutations

Your demonic aura sometimes causes spilled blood to erupt in flames Spells you cast may paralyse adjacent enemies.


Message History

You are no longer berserk.
You are exhausted.
You feel yourself slow down.
You see here 8 gold pieces.
The lemure barely misses you. The lemure hits you.
There is a stone staircase leading up here.
The lemure hits you. x2
You climb upwards.
There is a stone staircase leading down here.
Unknown command.
You are too injured to fight recklessly!
You hit the lemure.
The lemure is moderately wounded.
The lemure hits you!
You closely miss the lemure.
The lemure is moderately wounded.
You block the lemure's attack. The lemure hits you!
* * * LOW HITPOINT WARNING * * *
You hit the lemure but do no damage.
The lemure is moderately wounded.
You block the lemure's attack.
You hit the lemure.
The lemure is heavily wounded.
The lemure hits you.
* * * LOW HITPOINT WARNING * * *
Unknown command.
You're still recovering from your berserk rage.
You hit the lemure.
The lemure is severely wounded.
The lemure hits you but does no damage. The lemure hits you.
* * * LOW HITPOINT WARNING * * *
You hit the lemure.
The lemure is almost dead.
The lemure hits you.
* * * LOW HITPOINT WARNING * * *
You closely miss the lemure.
The lemure is almost dead.
The lemure completely misses you. The lemure hits you!
You die...

##^#####.... ####.####.....
#............. ########
#......≈≈≈≈≈.. #######..<...#
#....≈≈≈≈≈≈≈≈≈ ###.......####.#
#..≈≈≈≈≈≈≈≈≈≈≈
#...#####.####.###.≈≈≈≈≈≈...≈≈≈
#.........)...5....≈≈≈≈≈≈.>.≈≈≈
#...#####.####@##..≈≈≈≈≈≈...≈≈≈
##..#####.####.##..≈≈≈≈≈≈≈.≈≈≈≈
#.............##...≈≈≈≈≈≈.≈≈≈≈
####.##############.....≈≈≈≈.≈≈≈≈
#......# ##########.......≈≈.≈≈..
#.##.#.# #.......###.............
#.##.#.# #.......# ###..#######..
#.#..#.# #.......#####.###.......
#.#.##.# #...........).[.........


You could see a lemure.

Vanquished Creatures
  An ogre (D:2)
  A black bear (D:5)
  2 scorpions
  4 hounds (D:4)
  A jelly (D:5)
  3 orc wizards
  7 adders
  A worm (D:3)
  2 dart slugs
  14 orcs
  4 bats
  5 endoplasms
  3 giant cockroaches
  6 hobgoblins
  13 jackals
  4 kobolds
  A quokka (D:4)
  4 ball pythons
  A frilled lizard (D:1)
  4 goblins
  10 rats
91 creatures vanquished.

Notes
Turn   | Place    | Note
-------+----------+-------------------------------------------
     0 | D:1      | rjrrt the Demonspawn Berserker began the quest for the Orb.
     0 | D:1      | Reached XP level 1. HP: 18/18 MP: 1/1
    64 | D:1      | Reached skill level 3 in Axes
   101 | D:1      | Found a faded altar of an unknown god.
   121 | D:1      | Gained mutation: Your demonic aura sometimes causes spilled
                  | blood to erupt in flames [demonic ancestry]
   121 | D:1      | Reached XP level 2. HP: 24/24 MP: 2/2
   331 | D:1      | Reached ** piety under Trog
   646 | D:2      | Noticed an ogre
   650 | D:2      | Killed an ogre
   651 | D:2      | Reached skill level 5 in Axes
   651 | D:2      | Reached XP level 3. HP: 17/29 MP: 3/3
   651 | D:2      | Reached XP level 4. HP: 21/35 MP: 4/4
   999 | D:2      | Reached XP level 5. HP: 27/41 MP: 5/5
  1561 | D:2      | Identified a scroll of acquirement
  1561 | D:2      | Acquired the +8 fustibalus "Osmaor" {vorpal, rElec Str+3}
  2233 | D:3      | Reached *** piety under Trog
  2604 | D:3      | Reached skill level 6 in Axes
  2629 | D:3      | Gained mutation: Spells you cast may paralyse adjacent
                  | enemies. [demonic ancestry]
  2629 | D:3      | Reached XP level 6. HP: 45/47 MP: 6/6
  2729 | D:4      | Found Sewuymos's Armour Boutique.
  2735 | D:4      | Bought a +0 cloak for 54 gold pieces
  2975 | D:4      | Found a staircase to the Ecumenical Temple.
  3296 | D:4      | Reached skill level 7 in Axes
  3342 | D:5      | Entered Level 5 of the Dungeon
  3367 | D:5      | Reached XP level 7. HP: 46/52 MP: 7/7
  3436 | D:4      | Slain by a lemure

Illustrated notes

Levels and vault maps discovered:
D:1:      tarquinn_simple_flora_water_d, layout_basic,
          hellmonk_ecumenical_altar_arch_garden, minmay_misc_feat_square
D:2:      layout_basic, minmay_split_cup_large
D:3:      layout_basic, minmay_misc_feat_alley
D:4:      layout_loops_cross, temple_pool_b, serial_shops, nicolae_shop_crystal
D:5:      layout_rooms, grunt_temple_overflow_open, serial_shops, shop,
          grunt_ministairs_8, grunt_decor_mini_mirrors, uniq_pikel,
          uniq_crazy_yiuf_cottage, uniq_sigmund

Skill      XL: |  1  2  3  4  5  6 |
---------------+-------------------+-----
Axes           | 3 5 6 7 |  7.9
Fighting       | |  3.0
Armour         | |  1.7
Dodging        | |  1.7

Action                   |  1- 3 |  4- 6 |  7- 9 || total
-------------------------+-------+-------+-------++-------
Melee: Hand axe          |    41 |   149 |    21 ||   211
 Fire: Fustibalus        |       |     6 |       ||     6
Invok: Berserk           |     2 |     1 |     1 ||     4
  Use: Potion            |       |     1 |       ||     1
       Scroll            |       |     7 |       ||     7
Armor: Leather armour    |     7 |     3 |       ||    10
       Animal skin       |     1 |       |       ||     1
       Chain mail        |       |    63 |     4 ||    67
Dodge: Dodged            |    21 |    51 |    10 ||    82
Block: Other             |       |     6 |     4 ||    10

Table legend: (Time is in decaauts)
 A = Elapsed time spent in this place.
 B = Non-inter-level travel time spent in this place.
 C = Inter-level travel time spent in this place.
 D = Time resting spent in this place.
 E = Time spent auto-exploring this place.
 F = Levels seen in this place.
 G = Mean time per level.
                   A        B        C        D        E       F      G
               +--------+--------+--------+--------+--------+-----+--------+
         Total |   3473 |   3325 |    148 |     70 |   2614 |   5 |  694.6 |
       Dungeon |   3473 |   3325 |    148 |     70 |   2614 |   5 |  694.6 |
               +--------+--------+--------+--------+--------+-----+--------+

Top non-repeatable levels by time:
     D:2: 1093 daAuts
     D:3: 979 daAuts
     D:4: 661 daAuts
     D:1: 654 daAuts
     D:5: 85 daAuts
